 Dungeon Crawl Stone Soup version 0.32-a0-928-g1cae6b7ea0 (webtiles) character file.

Game seed: 124819994863896718

49 Arkalis the Trooper (level 3, 0/29 HPs)
             Began as a Merfolk Fighter on Apr 12, 2024.
             Slain by Terence
             ... wielding a +0 hand axe
              (4 damage)
             ... on level 2 of the Dungeon.
             The game lasted 00:04:14 (1625 turns).

Arkalis the Trooper (Merfolk Fighter)               Turns: 1625, Time: 00:04:15

Health: 0/29       AC:  4    Str: 18    XL:     3   Next: 77%
Magic:  3/3        EV: 10    Int:  7    God:
Gold:   37         SH:  4    Dex: 13    Spells: 2/2 levels left

rFire   . .          .
                       - Unarmed
rCold   . . .        b - +0 buckler
rNeg    . . .        f - +0 leather armour
rPois   .            (no helmet)
rElec   .            (no cloak)
rCorr   .            a - +0 pair of gloves
SInv    .            (no boots)
Will    .....        (no amulet)
Stlth   +            (no ring)
HPRegen 0.24/turn    (no ring)
MPRegen 0.08/turn

%: no passive effects
@: mighty, slowed, very slow
A: (nimble swimmer 2), mertail
a: no special abilities


You were on level 2 of the Dungeon.
You visited 1 branch of the dungeon, and saw 2 of its levels.

You collected 37 gold pieces.

Inventory:

Armour
 a - a +0 pair of gloves (worn)
 b - a +0 buckler (worn)
 f - a +0 leather armour (worn)
Jewellery
 l - an amulet of magic regeneration
Scrolls
 d - a scroll of noise {unknown}
 e - a scroll of amnesia {unknown}
 i - a scroll of revelation {unknown}
 j - a scroll of torment {unknown}
Potions
 g - a potion of degeneration {unknown}
 h - 3 potions of curing {unknown}
 k - a potion of mutation {unknown}


   Skills:
 + Level 3.5 Fighting
 + Level 2.4 Armour
 + Level 0.7 Dodging
 + Level 3.4 Shields
 + Level 3.1 Unarmed Combat


You had 2 spell levels left.
You didn't know any spells.
Your spell library was empty.

Dungeon Overview and Level Annotations

Branches:
Dungeon (2/15)

Altars:

Shops:
D:2 (

Annotations:
D:2 Natasha, Terence


Innate Abilities, Weirdness & Mutations

((You are very nimble when in or above water. (Stealth+, EV+, Speed+++)))
Your lower body shifts to a powerful aquatic tail in water.


Message History

Natasha shimmers violently.
Natasha claws you! Natasha closely misses you.
You hit Natasha.
Natasha is lightly wounded.
Natasha claws you.
You punch Natasha!
Natasha is heavily wounded.
Natasha mumbles some strange words.
Terence bares his teeth.
Terence hits you but does no damage. Natasha barely misses you.
You hit Natasha but do no damage.
Natasha is heavily wounded.
You block Terence's attack. Natasha closely misses you.
The cerulean imp closely misses you.
Terence shouts, "DIE!!!"
You block Terence's attack.
A gnoll comes into view. It is wielding a +0 flail.
You feel very mighty all of a sudden.
The gnoll shouts!
Natasha misses you.
The cerulean imp hits you from afar with a +0 spear.
Terence hits you with a +0 hand axe. You block the gnoll's attack.
Natasha claws you.
* * * LOW HITPOINT WARNING * * *
The cerulean imp hits you but does no damage.
You closely miss Terence. You block Terence's attack.
You block the gnoll's attack. Natasha claws you but does no damage.
The cerulean imp hits you but does no damage.
The gnoll barely misses you.
A gnoll comes into view. It is wielding a +0 flail.
Terence closely misses you.
The gnoll shouts!
You punch Terence!
Terence is heavily wounded.
Natasha claws you but does no damage. The cerulean imp barely misses you.
The gnoll hits you with a +0 whip.
* * * LOW HITPOINT WARNING * * *
Terence hits you with a +0 hand axe.
You die...
Terence says, "Rest in peace."

.....
#.#.......#####
#.#######.# #.#
#..# #.######.##
#.........#
#.#####.#.#
######.....#.#.#
#....#.###...#.#
#..5h@.# ##..#.#
#∩..@#g# #..#.#
#....#.# ##>...
#....#g# ###.#
#....#.# .#
#....#.# #
......g.
#.....##.


You could see Terence, Natasha, 3 gnolls and a cerulean imp (summoned).

Vanquished Creatures
  Natasha (D:2)
  4 bats
  A goblin (D:2)
  3 hobgoblins
  3 jackals (D:1)
  A quokka (D:2)
  A ball python (D:2)
  3 frilled lizards
  3 kobolds
  4 rats
24 creatures vanquished.

Notes
Turn   | Place    | Note
-------+----------+-------------------------------------------
     0 | D:1      | Arkalis the Merfolk Fighter began the quest for the Orb.
     0 | D:1      | Reached XP level 1. HP: 18/18 MP: 1/1
   101 | D:1      | Reached XP level 2. HP: 22/24 MP: 2/2
   541 | D:1      | Found a faded altar of an unknown god.
  1295 | D:2      | Noticed Natasha
  1319 | D:2      | Killed Natasha
  1320 | D:2      | Reached XP level 3. HP: 4/29 MP: 3/3
  1610 | D:2      | Found Wumim's Weapon Emporium.
  1610 | D:2      | Noticed Natasha
  1617 | D:2      | Noticed Terence
  1625 | D:2      | Slain by Terence

Illustrated notes

Levels and vault maps discovered:
D:1:      lemuel_arrival_broad_hall, layout_basic, basic_ecumenical_altar
D:2:      layout_basic, serial_shops, shop, nrook_loot_triangle, uniq_terence,
          uniq_natasha

Skill      XL: |  1  2 |
---------------+-------+-----
Unarmed Combat | 3 |  3.1
Fighting       | |  3.5
Armour         | |  2.4
Dodging        | |  0.7
Shields        | |  3.4

Action                     || total
---------------------------++-------
  Melee: Unarmed           ||   122
    Use: Potion            ||     1
 Armour: Scale mail        ||    31
         Leather armour    ||    66
  Dodge: Dodged            ||    48
  Block: Buckler           ||    39

Table legend: (Time is in decaauts)
 A = Elapsed time spent in this place.
 B = Non-inter-level travel time spent in this place.
 C = Inter-level travel time spent in this place.
 D = Time resting spent in this place.
 E = Time spent auto-exploring this place.
 F = Levels seen in this place.
 G = Mean time per level.
                   A        B        C        D        E       F      G
               +--------+--------+--------+--------+--------+-----+--------+
         Total |   1625 |   1373 |    252 |      0 |    981 |   2 |  812.5 |
       Dungeon |   1625 |   1373 |    252 |      0 |    981 |   2 |  812.5 |
               +--------+--------+--------+--------+--------+-----+--------+

Top non-repeatable levels by time:
     D:1: 1194 daAuts
     D:2: 431 daAuts
